 Dungeon Crawl Stone Soup version 0.22.0-6-g71bd7aa (webtiles) character file.

276 letownia2 the Skirmisher (level 6, 22/49 HPs)
             Began as a Demonspawn Transmuter on Aug 15, 2018.
             Quit the game on level 4 of the Dungeon.
             The game lasted 00:08:22 (1402 turns).

letownia2 the Skirmisher (Demonspawn Transmuter)    Turns: 1402, Time: 00:08:23

Health: 22/49      AC:  3    Str: 13    XL:     6   Next: 4%
Magic:  5/9        EV: 12    Int: 14    God:
Gold:   81         SH:  3    Dex: 13    Spells: 3/9 levels left

rFire    . . .     SeeInvis .   a - +2 dagger (elec)
rCold    . . .     Gourm    .   (no shield)
rNeg     . . .     Faith    .   j - +0 leather armour
rPois    .         Spirit   +   (no helmet)
rElec    .         Reflect  +   (no cloak)
rCorr    .         Harm     .   (no gloves)
MR       .....                  (no boots)
Stlth    ++........             i - +3 amulet of reflection
HPRegen  0.16/turn              (no ring)
MPRegen  0.11/turn              (no ring)

@: no status effects
A: nightstalker 1, magic shield
a: no special abilities


You were on level 4 of the Dungeon.
You were hungry.

You visited 1 branch of the dungeon, and saw 4 of its levels.

You collected 81 gold pieces.

Inventory:

Hand Weapons
 a - a +2 dagger of electrocution (weapon)
Missiles
 f - 9 javelins (quivered)
 k - 8 tomahawks
 m - 53 arrows
 t - 30 poisoned needles
Armour
 b - a +0 robe
 j - a +0 leather armour (worn)
 p - a +0 chain mail
Jewellery
 i - a +3 amulet of reflection (around neck)
Wands
 x - a wand of random effects (25)
Scrolls
 c - a scroll of enchant armour {unknown}
 e - a scroll of enchant weapon {unknown}
 g - 2 scrolls of teleportation {unknown}
 h - 2 scrolls of identify {unknown}
 o - a scroll of amnesia {unknown}
 r - 3 scrolls of magic mapping {unknown}
 s - a scroll of remove curse {unknown}
Potions
 l - a potion of magic {unknown}
 n - a potion of brilliance {unknown}
 q - a potion of lignification {unknown}
 u - a potion of resistance {unknown}
 w - a potion of cancellation {unknown}
Comestibles
 d - 5 rations
 v - a chunk of flesh


   Skills:
 - Level 4.7 Fighting
 + Level 0.4 Armour
 - Level 1.7 Dodging
 + Level 4.1 Unarmed Combat
 - Level 2.0 Spellcasting
 - Level 1.7 Transmutations
 - Level 0.5 Poison Magic


You had 3 spell levels left.
You knew the following spells:

 Your Spells              Type           Power        Failure   Level  Hunger
a - Beastly Appendage     Tmut           #.....       14%         1    ##.....
l - Sticks to Snakes      Tmut           #.......     22%         2    ###....
p - Spider Form           Tmut/Pois      #.........   50%         3    ####...

Your spell library contained the following spells:

 Spells                   Type           Power        Failure   Level  Hunger
 Blade Hands              Tmut           #.........   99%         5    ######.
 Ice Form                 Ice/Tmut       #.......     91%         4    #####..


Dungeon Overview and Level Annotations

Branches:
Dungeon (4/15)
 Temple: D:4-7

Altars:


Innate Abilities, Weirdness & Mutations

You are slightly more attuned to the shadows.
When hurt, damage is shared between your health and your magic reserves.


Message History

You hit the bullfrog skeleton but do no damage.
The bullfrog skeleton is severely damaged.
The bullfrog skeleton closely misses you.
Unknown command.
You barely miss the bullfrog skeleton.
The bullfrog skeleton is severely damaged.
The bullfrog skeleton misses you. The bullfrog skeleton hits you!
You are too injured to fight recklessly!
You hit the bullfrog skeleton.
The bullfrog skeleton is almost destroyed.
You are feeling hungry.
The bullfrog skeleton misses you.
You hit the bullfrog skeleton.
You destroy the bullfrog skeleton!
You have reached level 6!
Your experience leads to an increase in your attributes!
Increase (S)trength, (I)ntelligence, or (D)exterity?
You feel stronger.
Your demonic ancestry asserts itself...
You slip into the darkness of the dungeon.
Are you sure you want to abandon this character and quit the game? (Confirm with "yes".)

..# +# #?#
#.# #.# #.#
##.#
##.###### ..#
##........
#.# #......#
#@######...#
#.#........##
##.#######.#
## #.# #.#
#.# #.# #.#
#.#


There were no monsters in sight!

Vanquished Creatures
  A scorpion (D:4)
  A centaur skeleton (D:3)
  A bullfrog skeleton (D:4)
  Terence (D:3)
  A worker ant (D:3)
  A hound skeleton (D:3)
  A howler monkey zombie (D:3)
  3 adders
  An adder zombie (D:3)
  2 adder skeletons (D:3)
  A worm (D:3)
  2 dart slugs (D:1)
  A leopard gecko (D:2)
  2 orcs
  A ball python (D:2)
  5 bats
  A giant cockroach (D:1)
  6 goblins
  6 hobgoblins
  5 kobolds
  6 frilled lizards
  A quokka skeleton (D:3)
  A quokka zombie (D:3)
  8 rats
59 creatures vanquished.

Vanquished Creatures (collateral kills)
  A kobold (D:2)
1 creature vanquished.

Grand Total: 60 creatures vanquished

Notes
Turn   | Place    | Note
-------+----------+-------------------------------------------
     0 | D:1      | letownia2 the Demonspawn Transmuter began the quest for the Orb.
     0 | D:1      | Reached XP level 1. HP: 15/15 MP: 3/3
    64 | D:1      | Gained mutation: When hurt, damage is shared between your health and your magic reserves. [demonic ancestry]
    64 | D:1      | Reached XP level 2. HP: 9/21 MP: 3/5
   213 | D:2      | Learned a level 2 spell: Sticks to Snakes
   321 | D:1      | Reached XP level 3. HP: 10/26 MP: 4/6
   500 | D:1      | Learned a level 3 spell: Spider Form
   644 | D:2      | Noticed Terence
   663 | D:3      | Killed Terence
   663 | D:3      | Reached XP level 4. HP: 5/33 MP: 2/7
  1068 | D:3      | Reached XP level 5. HP: 36/41 MP: 6/8
  1400 | D:4      | Gained mutation: You are slightly more attuned to the shadows. [demonic ancestry]
  1400 | D:4      | Reached XP level 6. HP: 22/49 MP: 5/9
  1402 | D:4      | Quit the game

Skill      XL: |  1  2  3  4  5 |
---------------+----------------+-----
Unarmed Combat | 3 4 |  4.1
Fighting       | 2 3 4 |  4.7
Armour         | |  0.4
Dodging        | |  1.7
Spellcasting   | |  2.0
Transmutations | |  1.7
Poison Magic   | |  0.5

Action                   |  1- 3 |  4- 6 || total
-------------------------+-------+-------++-------
Melee: Unarmed           |    84 |       ||    84
       Kick              |     9 |       ||     9
       Headbutt          |     3 |     1 ||     4
       Dagger            |    17 |    73 ||    90
       Punch             |       |     2 ||     2
Throw: Javelin           |     4 |     1 ||     5
 Cast: Beastly Appendage |    13 |     2 ||    15
       Sticks to Snakes  |     2 |       ||     2
  Eat: Chunk             |       |     2 ||     2
Armor: Robe              |    12 |       ||    12
       Leather armour    |     4 |     8 ||    12
Dodge: Dodged            |    47 |    40 ||    87
Block: Other             |     5 |    11 ||    16
       Reflection        |       |     1 ||     1
